 Dungeon Crawl Stone Soup version 0.19.1 (webtiles) character file.

9106 Ladykiller69 the Carver (level 11, -4/97 HPs)
             Began as a Minotaur Abyssal Knight on Dec 21, 2016.
             Was a High Priest of Lugonu.
             Slain by an earth elemental (22 damage)
             ... in a labyrinth.
             The game lasted 00:40:42 (12514 turns).

Ladykiller69 the Carver (Minotaur Abyssal Knight)  Turns: 12514, Time: 00:40:43

Health: -4/97      AC: 20    Str: 17    XL:     11   Next: 18%
Magic:  15/15      EV: 11    Int:  9    God:    Lugonu [*****.]
Gold:   735        SH:  0    Dex: 13    Spells: 0 memorised, 10 levels left

rFire  . . .     SeeInvis +     W - +0 scimitar
rCold  . . .     Gourm    .     R - +4 chain mail
rNeg   . . .     Faith    .     (no shield)
rPois  +         Spirit   .     (helmet restricted)
rElec  .         Reflect  .     Q - +1 cloak
rCorr  .         Harm     .     N - +2 pair of gloves
MR     .....                    (no boots)
Stlth  ..........               (no amulet)
                                e - ring of see invisible
                                K - ring of poison resistance

@: no status effects
A: retaliatory headbutt, horns 2
a: Depart the Abyss, Bend Space, Banish, Corrupt, Enter the Abyss, Renounce
Religion


You were in a labyrinth.
You worshipped Lugonu.
Lugonu was extremely pleased with you.
You were not hungry.

You visited 3 branches of the dungeon, and saw 14 of its levels.
You visited the Abyss 1 time.
You also visited: Labyrinth.

You collected 735 gold pieces.

Inventory:

Hand Weapons
 a - a +1 falchion
 w - a +0 shortbow
 W - a +0 scimitar (weapon)
Missiles
 f - 474 stones
 i - 3 throwing nets
 x - 4 javelins (quivered)
 z - 83 bolts
 F - 104 arrows
 Y - 3 tomahawks
Armour
 y - the +0 cloak "Korairos" {SInv}
   (You found it on level 9 of the Dungeon)

   It lets you see invisible.
 L - a +0 troll leather armour
 N - a +2 pair of gloves (worn)
 Q - a +1 cloak (worn)
 R - a +4 chain mail (worn)
Jewellery
 e - a ring of see invisible (right hand)
 J - an uncursed ring of teleportation
 K - a ring of poison resistance (left hand)
Wands
 b - a wand of acid (12/15)
 g - a wand of iceblast (2/15)
 A - a wand of paralysis (14/24)
 G - a wand of polymorph (8/24)
 I - a wand of digging (14/24)
 S - a wand of paralysis (11/24)
 X - a wand of acid (5/15)
Scrolls
 d - 5 scrolls of teleportation
 m - 5 scrolls of amnesia
 n - a scroll of magic mapping
 o - 3 scrolls of recharging
 p - 4 scrolls of enchant weapon {unknown}
 r - 4 scrolls of remove curse
 s - 3 scrolls of blinking {unknown}
 t - 3 scrolls of fear {unknown}
 M - 3 scrolls of noise {unknown}
 P - a scroll of immolation
 T - a scroll of holy word
Potions
 h - 2 potions of resistance
 k - 3 potions of brilliance
 l - 3 potions of curing
 q - 2 potions of heal wounds
 u - 6 potions of flight
 B - 2 potions of haste
 D - a potion of beneficial mutation
 H - a potion of magic
Books
 V - a book of Cantrips

   Spells                             Type                      Level
   a - Confusing Touch                Hexes                        1
   b - Animate Skeleton               Necromancy                   1
   c - Summon Small Mammal            Summoning                    1
   d - Apportation                    Translocation                1
 Z - a book of Flames

   Spells                             Type                      Level
   a - Flame Tongue                   Conjuration/Fire             1
   b - Throw Flame                    Conjuration/Fire             2
   c - Conjure Flame                  Conjuration/Fire             3
   d - Inner Flame                    Hexes/Fire                   3
   e - Sticky Flame                   Conjuration/Fire             4
   f - Fireball                       Conjuration/Fire             5
Comestibles
 c - 8 bread rations
 j - 2 slices of pizza
 v - 3 meat rations
 U - 6 beef jerkies


   Skills:
 + Level 9.2 Fighting
 * Level 12.4 Long Blades
 + Level 8.5 Armour
 + Level 8.1 Dodging
 + Level 7.2 Invocations


You had 10 spell levels left.
You didn't know any spells.

Dungeon Overview and Level Annotations

Branches:
Dungeon (11/15)            Temple (1/1) D:6            Lair (2/6) D:8
  Swamp: Lair:2-4    Shoals: Lair:2-4     Snake: Lair:2-4    Spider: Lair:2-4
    Orc: D:9-12

Altars:
Ashenzari
Cheibriados
Dithmenos
Elyvilon
Fedhas
Gozag
Hepliaklqana
Kikubaaqudgha
Makhleb
Nemelex Xobeh
Okawaru
Qazlal
Ru
Sif Muna
Trog
Uskayaw
Vehumet
Xom
Yredelemnul
Zin
The Shining One
Beogh

Shops:
D:4 :   D:5 [   D:7 (*[   D:11 %

Annotations:
D:3 Purgy
Lair:1 MirrMurr's ghost, novice SpEn
Abyss:1 Sonja


Innate Abilities, Weirdness & Mutations

You reflexively headbutt those who attack you in melee.
You have a pair of horns on your head.


Message History

The earth elemental is heavily damaged.
The earth elemental hits you but does no damage.
You hit the earth elemental but do no damage.
The earth elemental is heavily damaged.
You slash the earth elemental!
The earth elemental is almost destroyed.
The earth elemental hits you but does no damage.
You hit the earth elemental but do no damage.
You headbutt the earth elemental, but do no damage.
The earth elemental is almost destroyed.
You hit the earth elemental but do no damage.
The earth elemental is almost destroyed.
The earth elemental hits you!!
* * * LOW HITPOINT WARNING * * *
You hit the earth elemental but do no damage.
The earth elemental is almost destroyed.
You hit the earth elemental but do no damage.
The earth elemental is almost destroyed.
The earth elemental hits you!!
You die...

## ..
###### #
# ..#.
.. # #
#.#.# .
# . .
#@# .#
.#E#.# #
# #..#.
...
###/#[#.
## ..#
#... ..
.#. ## #
# .#. #
..# . ##
#. ##. #
.# #
..... .
. #.


You could see an earth elemental.

Vanquished Creatures
  Nergalle (Lair:1)
  Pikel (D:5)
  Maurice (D:8)
  Psyche (D:8)
  A troll (D:8)
  A two-headed ogre (D:11)
  A hornet (D:10)
  Prince Ribbit (D:9)
  3 shadows
  A basilisk (D:11)
  3 hungry ghosts (Lab)
  Menkaure (D:4)
  2 water moccasins
  3 ice beasts
  2 black bears
  8 orc warriors
  2 slaves (D:5)
  A sky beast (D:6)
  2 phantoms
  5 ogres
  A wolf (D:8)
  3 centaurs
  A necrophage (D:7)
  The ghost of stickyfingers the Ruffian, an amateur GrAM (D:4)
  A big kobold (D:7)
  2 bullfrogs
  A scorpion (D:9)
  5 killer bees
  2 electric eels (D:8)
  5 howler monkeys
  A crimson imp (D:11)
  A centaur zombie (D:8)
  2 bullfrog zombies
  5 orc priests
  4 jellies
  12 hounds
  4 bullfrog skeletons
  3 iguanas
  9 orc wizards
  6 worker ants
  A killer bee zombie (D:8)
  A hound zombie (D:8)
  A hound skeleton (D:5)
  A worker ant zombie (D:6)
  A howler monkey zombie (D:7)
  11 adders
  4 shadow imps
  An ooze (D:3)
  An adder skeleton (D:9)
  An adder zombie (D:4)
  5 worms
  4 dart slugs
  5 leopard geckos
  38 orcs
  2 ball pythons
  5 giant cockroaches
  7 goblins
  6 hobgoblins
  20 jackals
  14 kobolds
  6 quokkas
  5 bats
  9 frilled lizards
  7 rats
266 creatures vanquished.

Vanquished Creatures (others)
  A black bear (D:8)
  A human (D:6)
  A crimson imp (D:5)
  An orc (D:8)
4 creatures vanquished.

Grand Total: 270 creatures vanquished

Notes
Turn   | Place    | Note
-------+----------+-------------------------------------------
     0 | Abyss:1  | Ladykiller69 the Minotaur Abyssal Knight began the quest for the Orb.
     0 | Abyss:1  | Reached XP level 1. HP: 19/19 MP: 1/1
    30 | D:1      | Escaped the Abyss
   419 | D:1      | Reached XP level 2. HP: 23/27 MP: 2/2
   975 | D:2      | Reached skill level 3 in Long Blades
  1075 | D:2      | Reached XP level 3. HP: 23/33 MP: 3/3
  1733 | D:2      | Reached ** piety under Lugonu
  2055 | D:3      | Reached XP level 4. HP: 40/40 MP: 4/4
  2096 | D:3      | Noticed Purgy
  2923 | D:4      | Noticed stickyfingers's ghost (amateur GrAM)
  2954 | D:4      | Killed stickyfingers's ghost
  2954 | D:4      | Reached skill level 4 in Long Blades
  2954 | D:4      | Reached XP level 5. HP: 40/47 MP: 5/5
  3103 | D:4      | Noticed Menkaure
  3115 | D:4      | Killed Menkaure
  3115 | D:4      | Reached skill level 5 in Long Blades
  3115 | D:4      | Reached XP level 6. HP: 53/53 MP: 5/7
  3221 | D:4      | Reached *** piety under Lugonu
  3427 | D:4      | Found Deteycoc's Book Shoppe.
  3511 | D:5      | Entered Level 5 of the Dungeon
  3549 | D:5      | Noticed a slave
  3550 | D:5      | Noticed a slave
  3550 | D:5      | Noticed a slave
  3551 | D:5      | Noticed a slave
  3552 | D:5      | Noticed Pikel
  3568 | D:5      | Killed a slave
  3570 | D:5      | Reached skill level 5 in Fighting
  3580 | D:5      | Killed a slave
  3594 | D:5      | Killed Pikel
  3594 | D:5      | Reached skill level 6 in Long Blades
  3594 | D:5      | Reached XP level 7. HP: 17/61 MP: 8/8
  3873 | D:5      | Reached skill level 7 in Long Blades
  3873 | D:5      | Reached XP level 8. HP: 70/70 MP: 9/9
  3905 | D:5      | Reached skill level 5 in Armour
  3955 | D:5      | Found Epri Bugge's Antique Armour Emporium.
  4064 | D:5      | Found a blossoming altar of Fedhas.
  4064 | D:5      | Found an ancient bone altar of Kikubaaqudgha.
  4337 | D:5      | Reached skill level 5 in Dodging
  4495 | D:6      | Reached skill level 8 in Long Blades
  4542 | D:6      | Found a staircase to the Ecumenical Temple.
  4568 | D:6      | Reached **** piety under Lugonu
  4778 | D:6      | Found an ancient bone altar of Kikubaaqudgha.
  5189 | D:6      | Found a deep blue altar of Sif Muna.
  5441 | D:6      | Reached XP level 9. HP: 72/78 MP: 11/11
  5475 | Temple   | Entered the Ecumenical Temple
  5501 | D:7      | Reached skill level 5 in Invocations
  5605 | D:7      | Reached skill level 9 in Long Blades
  5760 | D:7      | Found Liabetz's General Store.
  5877 | D:7      | Found a shattered altar of Ashenzari.
  5877 | D:7      | Found a hazy altar of Hepliaklqana.
  5879 | D:7      | Found a sacrificial altar of Ru.
  5879 | D:7      | Found a sparkling altar of Nemelex Xobeh.
  6316 | D:7      | Found Kanun's Antique Weapon Emporium.
  6389 | D:7      | Found Xyugg's Antique Armour Shop.
  6551 | D:8      | Reached skill level 10 in Long Blades
  6628 | D:8      | Reached ***** piety under Lugonu
  6732 | D:8      | Noticed Maurice
  6819 | D:8      | Noticed Psyche
  6840 | D:8      | Killed Psyche
  6992 | D:8      | Killed Maurice
  6992 | D:8      | Reached XP level 10. HP: 54/88 MP: 13/13
  7108 | D:8      | Found a staircase to the Lair.
  8425 | D:8      | Reached skill level 11 in Long Blades
  8852 | D:8      | Found a roughly hewn altar of Beogh.
  9910 | D:9      | Noticed Prince Ribbit
  9924 | D:9      | Killed Prince Ribbit
 10008 | D:9      | Got a faintly humming cloak
 10019 | D:9      | Identified the cursed +0 cloak "Korairos" {SInv} (You found it on level 9 of the Dungeon)
 10066 | D:10     | Entered Level 10 of the Dungeon
 10157 | D:10     | Noticed Sonja
 10173 | D:10     | Noticed a hill giant
 10175 | D:10     | Banished Sonja
 10187 | D:10     | Banished a hill giant
 10495 | D:10     | Reached skill level 12 in Long Blades
 10885 | D:11     | Found Witau's Food Shoppe.
 10985 | D:11     | Reached XP level 11. HP: 55/95 MP: 15/15
 11248 | D:11     | Noticed a purple ugly thing
 11345 | Lair:1   | Entered Level 1 of the Lair of Beasts
 11354 | Lair:1   | Noticed Nergalle
 11385 | Lair:1   | Killed Nergalle
 11430 | Lair:1   | Noticed MirrMurr's ghost (novice SpEn)
 11446 | Lair:1   | You fall through a shaft!
 11466 | Lair:2   | Found a labyrinth entrance.
 11492 | Lab      | Entered a labyrinth
 12514 | Lab      | Slain by an earth elemental

Skill      XL: |  1  2  3  4  5  6  7  8  9 10 11 |
---------------+----------------------------------+-----
Invocations    | 2 3 4 6 7 |  7.2
Long Blades    | 3 4 5 6 7 8 10 12 | 12.4
Armour         | 3 4 6 7 8 |  8.5
Fighting       | 4 5 6 7 8 9 |  9.2
Dodging        | 2 3 4 5 6 7 8 |  8.1

Action                   |  1- 3 |  4- 6 |  7- 9 | 10-12 || total
-------------------------+-------+-------+-------+-------++-------
Melee: Falchion          |    80 |   177 |   375 |   326 ||   958
       Headbutt          |     9 |    27 |    89 |   109 ||   234
       Scimitar          |       |       |       |   127 ||   127
 Fire: Shortbow          |       |       |    23 |       ||    23
Throw: Javelin           |       |       |     4 |       ||     4
Invok: Banish            |       |       |       |     2 ||     2
Evoke: Wand              |       |     1 |     2 |       ||     3
  Use: Potion            |       |     5 |       |     1 ||     6
       Scroll            |       |       |       |    13 ||    13
 Stab: Paralysed         |       |     8 |     7 |       ||    15
       Invisible         |       |       |     3 |       ||     3
  Eat: Chunk             |     3 |     6 |    11 |    15 ||    35
       Royal jelly       |       |       |       |     2 ||     2
       Fruit             |       |       |       |     2 ||     2
       Bread ration      |       |       |       |     1 ||     1
       Pizza             |       |       |       |     1 ||     1
Armor: Leather armour    |    23 |    10 |       |       ||    33
       Plate armour      |       |    82 |   260 |    59 ||   401
       Chain mail        |       |       |       |   149 ||   149
Dodge: Dodged            |    46 |    47 |   155 |   171 ||   419
       Rpst.: Falchion   |    14 |    18 |    44 |    26 ||   102
       Scimitar          |       |       |       |    15 ||    15
